 Dungeon Sprint DCSS version 0.25-a0-571-gb5e01bddfa (webtiles) character file.

Game seed: 9415472377887900508, levelgen mode: deterministic

323 McKennaii the Spear-Bearer (level 6, -1/53 HPs)
             Began as a Demonspawn Fighter on Feb 29, 2020.
             Was a Priest of Cheibriados.
             Slain by a seven-headed hydra (2 damage)
             ... in the Dungeon (Sprint IX: "|||||||||||||||||||||||||||||").
             The game lasted 00:03:35 (541 turns).

McKennaii the Spear-Bearer (Demonspawn Fighter)      Turns: 541, Time: 00:03:37

Health: -1/53      AC:  8    Str: 29    XL:     6   Next: 23%
Magic:  0/6        EV: 14    Int: 18    God:    Cheibriados [***...]
Gold:   0          SH:  0    Dex: 23    Spells: 5/5 levels left

rFire    . . .     SeeInvis .   a - +0 trident
rCold    . . .     Gourm    .   (no shield)
rNeg     . . .     Faith    .   b - +0 scale mail
rPois    .         Spirit   +   p - +0 helmet
rElec    .         Reflect  .   (no cloak)
rCorr    .         Harm     .   (no gloves)
MR       .....     NoTele   +   (no boots)
Stlth    +.........             (no amulet)
HPRegen  0.17/turn              r - +3 ring of dexterity
MPRegen  0.10/turn              q - +3 ring of strength

@: very slow
A: talons 2, repulsion field 1, magic shield
a: Bend Time, Temporal Distortion, Renounce Religion


You were in the Dungeon.
You worshipped Cheibriados.
Cheibriados was most pleased with you.
You were not hungry.

You visited 1 branch

Inventory:

Hand Weapons
 a - a +0 trident (weapon)
 o - a +2 halberd of protection
Armour
 b - a +0 scale mail (worn)
 c - a +0 kite shield
 p - a +0 helmet (worn)
Jewellery
 q - a +3 ring of strength (right hand)
 r - a +3 ring of dexterity (left hand)
Wands
 n - a wand of acid (10)
Scrolls
 k - 2 scrolls of blinking
 l - 3 scrolls of remove curse
 m - 2 scrolls of amnesia
Potions
 d - a potion of might
 e - 5 potions of curing
 g - a potion of heal wounds
 h - a potion of haste
 i - 4 potions of magic
 j - a potion of invisibility
Comestibles
 f - a ration


   Skills:
 + Level 6.4 Fighting
 * Level 9.6 Polearms
 + Level 5.3 Armour
 + Level 2.6 Dodging
 + Level 0.1 Stealth
 - Level 2.6 Shields


You had 5 spell levels left.
You didn't know any spells.
Your spell library was empty.

Dungeon Overview and Level Annotations

Branches:
Dungeon (1/1)

Altars:
Cheibriados
Dithmenos
Elyvilon
Fedhas
Gozag
Hepliaklqana
Kikubaaqudgha
Makhleb
Nemelex Xobeh
Okawaru
Qazlal
Ru
Sif Muna
Trog
Uskayaw
Vehumet
Wu Jian
Xom
Yredelemnul
Zin
The Shining One
Beogh
Jiyva
Lugonu


Innate Abilities, Weirdness & Mutations

You have razor-sharp toenails.
You are surrounded by a mild repulsion field. (EV +2)
When hurt, damage is shared between your health and your magic reserves.


Message History

The seven-headed hydra closely misses you.
The seven-headed hydra misses you.
You puncture the seven-headed hydra!
Your kick misses the seven-headed hydra.
The seven-headed hydra is heavily wounded.
The seven-headed hydra closely misses you. x2
The seven-headed hydra bites you!
* * * LOW HITPOINT WARNING * * *
The seven-headed hydra bites you but does no damage.
The seven-headed hydra misses you.
The seven-headed hydra barely misses you.
The seven-headed hydra bites you!
* * * LOW HITPOINT WARNING * * *
You puncture the seven-headed hydra! You claw the seven-headed hydra.
The seven-headed hydra is severely wounded.
The seven-headed hydra misses you. The seven-headed hydra bites you.
* * * LOW HITPOINT WARNING * * *
The seven-headed hydra bites you but does no damage.
The seven-headed hydra bites you.
You die... ▓▓▓▓▓▓▓▓▓▓▓▓▓▓▓▓▓▓▓▓▓▓▓▓ '..|)..[.[).....@DuFn... ▓▓▓▓▓▓▓▓▓▓▓▓▓▓▓▓▓▓▓▓▓▓▓▓

You could see a seven-headed hydra, a green ugly thing, a necrophage and a bullfrog.

Vanquished Creatures
  A wraith (D)
  An orc warrior (D)
  A wight (D)
  A worker ant (D)
  A shadow imp (D)
  An adder skeleton (D)
  A worm (D)
  A leopard gecko (D)
  3 orcs (D)
  2 bats (D)
  2 goblins (D)
  2 jackals (D)
  A kobold (D)
18 creatures vanquished.

Notes
Turn   | Place    | Note
-------+----------+-------------------------------------------
     0 | D        | McKennaii the Demonspawn Fighter began the quest for the
                  | Orb.
     0 | D        | Reached XP level 1. HP: 18/18 MP: 1/1
     5 | D        | Reached skill level 2 in Polearms
    40 | D        | Noticed a worker ant
    50 | D        | Gained mutation: You are surrounded by a mild repulsion
                  | field. (EV +2) [demonic ancestry]
    50 | D        | Reached XP level 2. HP: 21/25 MP: 2/2
    58 | D        | Reached skill level 4 in Polearms
    58 | D        | Reached XP level 3. HP: 25/31 MP: 3/3
    69 | D        | Found a roughly hewn altar of Beogh.
    69 | D        | Found a snail-covered altar of Cheibriados.
    69 | D        | Found a shadowy altar of Dithmenos.
    69 | D        | Found a white marble altar of Elyvilon.
    69 | D        | Found a blossoming altar of Fedhas.
    69 | D        | Found an opulent altar of Gozag.
    70 | D        | Found a hazy altar of Hepliaklqana.
    71 | D        | Found a viscous altar of Jiyva.
    72 | D        | Found an ancient bone altar of Kikubaaqudgha.
    73 | D        | Found a corrupted altar of Lugonu.
    74 | D        | Found a burning altar of Makhleb.
    75 | D        | Found a sparkling altar of Nemelex Xobeh.
    76 | D        | Found an iron altar of Okawaru.
    85 | D        | Found a stormy altar of Qazlal.
    86 | D        | Found a sacrificial altar of Ru.
    87 | D        | Found a shimmering blue altar of Sif Muna.
    88 | D        | Found a bloodstained altar of Trog.
    97 | D        | Became a worshipper of Cheibriados the Contemplative
   106 | D        | Found a hide-covered altar of Uskayaw.
   107 | D        | Found a radiant altar of Vehumet.
   108 | D        | Found an ornate altar of the Wu Jian Council.
   109 | D        | Found a shimmering altar of Xom.
   110 | D        | Found a basalt altar of Yredelemnul.
   111 | D        | Found a glowing silver altar of Zin.
   112 | D        | Found a glowing golden altar of the Shining One.
   207 | D        | Noticed a wraith
   207 | D        | Noticed an orc warrior
   217 | D        | Reached * piety under Cheibriados
   233 | D        | Killed a wraith
   233 | D        | Reached skill level 5 in Fighting
   233 | D        | Reached skill level 7 in Polearms
   233 | D        | Gained mutation: You have sharp toenails. [demonic
                  | ancestry]
   233 | D        | Reached XP level 4. HP: 20/40 MP: 4/4
   233 | D        | Gained mutation: When hurt, damage is shared between your
                  | health and your magic reserves. [demonic ancestry]
   233 | D        | Reached XP level 5. HP: 24/46 MP: 5/5
   241 | D        | HP: 1/46 [orc warrior/+0 dire flail (6)]
   242 | D        | Killed an orc warrior
   242 | D        | Reached ** piety under Cheibriados
   242 | D        | Reached skill level 9 in Polearms
   242 | D        | Reached skill level 5 in Armour
   242 | D        | Gained mutation: You have razor-sharp toenails. [demonic
                  | ancestry]
   242 | D        | Reached XP level 6. HP: 1/52 MP: 0/6
   246 | D        | Reached *** piety under Cheibriados
   533 | D        | Noticed a seven-headed hydra
   533 | D        | Noticed a green ugly thing
   540 | D        | HP: 2/53 [seven-headed hydra (11)]
   541 | D        | Slain by a seven-headed hydra

Levels and vault maps discovered:
D:        linesprint [early_d, line_temple, items_1, d_10, items_2, lair_1,
          lair_end, items_3, orc_1, orc_end, items_4, d_15, swamp_1, shoals_1,
          snake_1, spider_1, d_20, vaults_1, items_5, swamp_end, shoals_end,
          snake_end, spider_end, vaults_end, d_27, items_6, zot_1, zot_end,
          crypt_end, forest_end, elf_end, slime_end, tomb_end, abyss_end,
          pan_hell_end]

Skill      XL: |  1  2  3  4  5 |
---------------+----------------+-----
Polearms       | 2 4 7 9 |  9.6
Armour         | 3 4 5 |  5.3
Fighting       | 4 5 6 |  6.4
Dodging        | 2 |  2.6
Stealth        | |  0.1
Shields        | |  2.6

Action                   |  1- 3 |  4- 6 || total
-------------------------+-------+-------++-------
Melee: Trident           |    47 |     4 ||    51
       Halberd           |    25 |    15 ||    40
       Kick              |       |     6 ||     6
  Use: Potion            |     2 |     1 ||     3
Armor: Scale mail        |    28 |     6 ||    34
Dodge: Dodged            |    31 |    22 ||    53
Block: Kite shield       |    24 |       ||    24

Table legend:
 A = Non-vault XP
 B = Vault XP
 C = Vault XP percentage of total XP
 D = Non-vault monster count
 E = Vault monster count
 F = Vault count percentage of total count
                 A         B        C        D         E       F
            +---------+---------+-------+---------+---------+-------
      Total |       0 |     462 | 100.0 |       0 |      18 | 100.0
            +---------+---------+-------+---------+---------+-------
          D |       0 |     462 | 100.0 |       0 |      18 | 100.0
            +---------+---------+-------+---------+---------+-------
